 Dungeon Crawl Stone Soup version 0.27.1-3-gb3d3a73c9e (webtiles) character file.

Game seed: 16360322029706561683

15 Descartes the Sneak (level 2, -1/16 HPs)
             Began as a Deep Elf Wanderer on Oct 9, 2021.
             Slain by a hobgoblin (2 damage)
             ... on level 1 of the Dungeon.
             The game lasted 00:01:06 (468 turns).

Descartes the Sneak (Deep Elf Wanderer)              Turns: 468, Time: 00:01:06

Health: -1/16      AC:  3    Str:  9    XL:     2   Next: 34%
Magic:  4/4        EV: 12    Int: 18    God:
Gold:   19         SH:  0    Dex: 12    Spells: 1/1 levels left

rFire    . . .     SeeInvis .   a - +2 falchion
rCold    . . .     Faith    .   (no shield)
rNeg     . . .     Spirit   .   d - +0 robe
rPois    .         Reflect  .   (no helmet)
rElec    .         Harm     .   g - +0 cloak
rCorr    .         Rampage  .   (no gloves)
Will     .....                  (no boots)
Stlth    ++........             (no amulet)
HPRegen  0.05/turn              (no ring)
MPRegen  0.09/turn              (no ring)

@: no status effects
A: no striking features
a: no special abilities


You were on level 1 of the Dungeon.
You visited 1 branch of the dungeon, and saw 1 of its levels.

You collected 19 gold pieces.

Inventory:

Hand Weapons
 a - a +2 falchion (weapon)
 e - a +0 dagger
Missiles
 f - 35 arrows
Armour
 d - a +0 robe (worn)
 g - a +0 cloak (worn)
Scrolls
 c - a scroll of teleportation
 h - a scroll of enchant weapon {unknown}
Potions
 b - a potion of curing


   Skills:
 - Level 1.0 Fighting
 - Level 2.6 Long Blades
 + Level 2.2 Dodging
 + Level 4.2 Stealth
 - Level 1.0 Shields
 - Level 1.0 Unarmed Combat


You had one spell level left.
You didn't know any spells.
Your spell library was empty.

Dungeon Overview and Level Annotations

Branches:
Dungeon (1/15)

Altars:


Message History

The gnoll shouts!
You hit the gnoll.
The gnoll is severely wounded.
You hear a shout!
The gnoll hits you with a +0 club.
You are too injured to fight recklessly!
You are too injured to fight recklessly!
You are too injured to fight recklessly!
You are too injured to fight recklessly!
You are too injured to fight recklessly!
You are too injured to fight recklessly!
You are too injured to fight recklessly!
You are too injured to fight recklessly!
You are too injured to fight recklessly!
You are too injured to fight recklessly!
You are too injured to fight recklessly!
You are too injured to fight recklessly!
The gnoll barely misses you.
You closely miss the gnoll.
The gnoll is severely wounded.
The gnoll closely misses you.
You barely miss the gnoll.
The gnoll is severely wounded.
The gnoll misses you.
You barely miss the gnoll.
The gnoll is severely wounded.
The gnoll closely misses you.
You riposte.
You hit the gnoll.
You kill the gnoll!
Your Dodging skill increases to level 2!
Your Stealth skill increases to level 4!
You have reached level 2!
You hit the hobgoblin.
The hobgoblin is almost dead.
The hobgoblin hits you but does no damage.
You closely miss the hobgoblin.
The hobgoblin is almost dead.
The gnoll hits you from afar with a +0 spear.
* * * LOW HITPOINT WARNING * * *
The hobgoblin hits you.
You die...

P≈≈P...#.g########
..........#
##....##..########
#.#####.....g...#
##.######.######.#
...............#.#
#####..#######.#g#
....#........ #g#
....#.####### #@#
♣♣..#.# #.#
_♣..#.# #.#
♣♣..#.##########.#
....#............#
....#..###########
'####..# .......#
########


You could see a gnoll and a hobgoblin.

Vanquished Creatures
  A gnoll (D:1)
  2 endoplasms (D:1)
  A giant cockroach (D:1)
  A ball python (D:1)
  A bat (D:1)
6 creatures vanquished.

Notes
Turn   | Place    | Note
-------+----------+-------------------------------------------
     0 | D:1      | Descartes the Deep Elf Wanderer began the quest for the
                  | Orb.
     0 | D:1      | Descartes set off with the following items: a +2 falchion,
                  | a potion of curing, a scroll of teleportation, a +0 robe, a
                  | +0 dagger
     0 | D:1      | Reached XP level 1. HP: 12/12 MP: 3/3
   234 | D:1      | Found a faded altar of an unknown god.
   442 | D:1      | Reached skill level 4 in Stealth
   442 | D:1      | Reached XP level 2. HP: 6/16 MP: 4/4
   468 | D:1      | Slain by a hobgoblin

Illustrated notes

Levels and vault maps discovered:
D:1:      giann_bridges, layout_basic, hellmonk_ecumenical_altar_inner_sanctum

Skill      XL: |  1 |
---------------+----+-----
Dodging        | 2 |  2.2
Stealth        | 4 |  4.2
Fighting       | |  1.0
Long Blades    | |  2.6
Shields        | |  1.0
Unarmed Combat | |  1.0

Action                   || total
-------------------------++-------
Melee: Falchion          ||    20
 Stab: Sleeping          ||     2
Armor: Robe              ||     6
Dodge: Dodged            ||    15
       Rpst.: Falchion   ||     2
